 Dungeon Crawl Stone Soup version 0.31-a0-431-g88bdf31460 (webtiles) character file.

Game seed: 439258393818016882

10330 Maratek the Grappler (level 11, -4/101 HPs)
             Began as a Troll Fighter on July 31, 2023.
             Was an Elder of Okawaru.
             Slain by a catoblepas (6 damage)
             ... while petrified by a catoblepas
             ... on level 1 of the Lair of Beasts.
             The game lasted 00:21:15 (9173 turns).

Maratek the Grappler (Troll Fighter)                Turns: 9173, Time: 00:21:16

Health: -4/101     AC:  5    Str: 30    XL:     11   Next: 34%
Magic:  10/10      EV:  1    Int:  4    God:    Okawaru [****..]
Gold:   110        SH:  0    Dex:  9    Spells: 10/10 levels left

rFire   . .          .
                       - Unarmed
rCold   . . .        b - +0 kite shield
rNeg    + + +        a - +0 robe
rPois   ∞            y - +1 hat {SInv}
rElec   .            (no cloak)
rCorr   .            (gloves unavailable)
SInv    +            (boots unavailable)
Will    .....        u - amulet of reflection
Stlth   ++           k - +4 ring of slaying
HPRegen 1.16/turn    s - +5 ring of evasion
MPRegen 0.12/turn

%: reflection
@: petrified
A: large, unfitting armour, claws 3, regeneration 1, shaggy fur 1, tough skin 1
a: Renounce Religion, Heroism, Finesse


You were on level 1 of the Lair of Beasts.
You worshipped Okawaru.
Okawaru was greatly pleased with you.
You visited 3 branches of the dungeon, and saw 11 of its levels.

You collected 590 gold pieces.
You spent 480 gold pieces at shops.

Inventory:

Armour
 a - a +0 robe (worn)
 b - a +0 kite shield (worn)
 y - a +1 hat of see invisible (worn)
Jewellery
 k - a +4 ring of slaying (left claw)
 s - a +5 ring of evasion (right claw)
 t - an amulet of faith
 u - an amulet of reflection (around neck)
Wands
 g - a wand of iceblast (14)
 h - a wand of digging (2)
 v - a wand of polymorph (1)
 w - a wand of flame (18)
Scrolls
 d - 2 scrolls of blinking
 i - 7 scrolls of teleportation
 j - a scroll of vulnerability
 m - 2 scrolls of fear
 n - a scroll of enchant armour {unknown}
 p - 2 scrolls of revelation {unknown}
 q - a scroll of poison {unknown}
 r - a scroll of enchant weapon {unknown}
Potions
 c - 3 potions of might
 e - 4 potions of heal wounds
 f - 5 potions of degeneration
 l - 2 potions of curing
 o - 3 potions of attraction {unknown}
 x - 2 potions of mutation {unknown}


   Skills:
 + Level 4.6 Fighting
 + Level 6.7 Dodging
 + Level 2.6 Stealth
 + Level 7.5 Shields
 + Level 13.0 Unarmed Combat


You had 10 spell levels left.
You didn't know any spells.
Your spell library contained the following spells:

 Spells                   Type           Power      Damage    Failure   Level
 Apportation              Tloc           0%         N/A       67%         1
 Wereblood                Tmut           0%         N/A       82%         2
 Portal Projectile        Hex/Tloc       0%         N/A       96%         3
 Iskenderun's Mystic Bla  Conj/Tloc      0%         2d3       100%        4
 Alistair's Intoxication  Tmut/Pois      0%         N/A       100%        5
 Irradiate                Conj/Tmut      0%         3d11      100%        5
 Chain Lightning          Conj/Air       0%         N/A       100%        9
 Fire Storm               Conj/Fire      0%         5d1       100%        9
 Shatter                  Erth           0%         3d5*      100%        9
 Tukima's Dance           Hex            Unusable   N/A       N/A         3

Dungeon Overview and Level Annotations

Branches:
Dungeon (9/15)             Temple (1/1) D:6            Lair (1/5) D:9
    Orc: D:9-12

Altars:
Ashenzari
Cheibriados
Dithmenos
Elyvilon
Fedhas
Gozag
Hepliaklqana
Kikubaaqudgha
Makhleb
Nemelex Xobeh
Okawaru
Qazlal
Ru
Sif Muna
Trog
Uskayaw
Vehumet
Wu Jian
Xom
Yredelemnul
Zin
The Shining One

Shops:
D:8 ?   D:9 =

Annotations:
D:3 exclusion: statue


Innate Abilities, Weirdness & Mutations

You are too large for most types of armour.
You have claws for hands.
Your natural rate of healing is unusually fast.
You are covered in fur. (AC +1)
You have tough skin. (AC +1)


Message History

The catoblepas breathes a plume of calcifying dust at you.
The blast of calcifying dust hits you! You block the catoblepas's attack.
You have turned to stone.
You are engulfed in calcifying dust.
The catoblepas breathes a plume of calcifying dust at you.
The blast of calcifying dust hits you! The water moccasin bites you.
The catoblepas gores you!! The water moccasin bites you.
The water moccasin bites you but does no damage.
The catoblepas gores you!
The water moccasin bites you but does no damage.
The catoblepas gores you!
* * * LOW HITPOINT WARNING * * *
The water moccasin bites you.
* * * LOW HITPOINT WARNING * * *
The water moccasin bites you.
* * * LOW HITPOINT WARNING * * *
The catoblepas gores you.
* * * LOW HITPOINT WARNING * * *
The water moccasin bites you.
* * * LOW HITPOINT WARNING * * *
The catoblepas gores you!!
* * * LOW HITPOINT WARNING * * *
The komodo dragon is no longer petrified.
The water moccasin bites you.
* * * LOW HITPOINT WARNING * * *
The catoblepas gores you!
* * * LOW HITPOINT WARNING * * *
The water moccasin bites you.
* * * LOW HITPOINT WARNING * * *
The water moccasin bites you. The catoblepas gores you!
* * * LOW HITPOINT WARNING * * *
The water moccasin bites you!
* * * LOW HITPOINT WARNING * * *
The catoblepas breathes a plume of calcifying dust at you.
The blast of calcifying dust hits you.
You are engulfed in calcifying dust.
The water moccasin bites you but does no damage. x2
The catoblepas gores you!
You die...

#..............#####..
#......................
.....................
............).....
.........#####.##
........##..#..####
>........§.........
..........§........
#.#........@S..#P
##...##P#.##Yl## #...
##### ..# ##.. ..# #.
..# ... .... ....


You could see a catoblepas, a komodo dragon and a water moccasin.

Vanquished Creatures
  Gastronok (Lair:1)
  Erolcha (D:9)
  A two-headed ogre (D:9)
  Pikel (D:7)
  Joseph (D:7)
  A cane toad (Lair:1)
  3 komodo dragons (D:9)
  Psyche (D:9)
  Grinder (D:6)
  A shadow (D:9)
  A wraith (D:8)
  10 yaks
  Menkaure (D:5)
  Edmund (D:6)
  3 water moccasins
  2 black bears
  2 sky beasts (D:8)
  2 orc warriors (D:9)
  An ice beast (D:5)
  5 ogres
  5 centaurs
  A kobold brigand (D:9)
  The ghost of MrCrawl the Firebug, an amateur TeFE (D:3)
  6 bullfrogs
  11 killer bees (D:9)
  7 howler monkeys
  An orc priest (D:7)
  2 gnoll boudas (D:6)
  2 hounds
  2 sleepcaps
  5 iguanas
  6 orc wizards
  8 gnolls (D:6)
  11 adders
  A shadow imp (D:8)
  2 white imps
  5 worms
  2 dart slugs
  35 orcs
  8 endoplasms
  A giant cockroach (D:1)
  8 hobgoblins
  2 jackals (D:3)
  20 kobolds
  8 quokkas
  8 ball pythons
  4 bats
  2 frilled lizards
  6 goblins
  5 rats
225 creatures vanquished.

Notes
Turn   | Place    | Note
-------+----------+-------------------------------------------
     0 | D:1      | Maratek the Troll Fighter began the quest for the Orb.
     0 | D:1      | Reached XP level 1. HP: 22/22 MP: 0/0
   120 | D:1      | Reached XP level 2. HP: 29/29 MP: 1/1
   809 | D:2      | Reached XP level 3. HP: 36/36 MP: 2/2
  1087 | D:2      | Reached XP level 4. HP: 44/44 MP: 3/3
  1699 | D:3      | Found a large runed translucent door.
  1699 | D:3      | Found a large runed translucent door.
  1810 | D:3      | Found a faded altar of an unknown god.
  1830 | D:3      | Reached skill level 3 in Unarmed Combat
  1891 | D:3      | Found a radiant altar of Vehumet.
  1891 | D:3      | Noticed a charred statue
  2108 | D:3      | Reached XP level 5. HP: 42/52 MP: 4/4
  2324 | D:3      | Noticed MrCrawl's ghost (amateur TeFE)
  2333 | D:3      | Killed MrCrawl's ghost
  2512 | D:4      | Found a white marble altar of Elyvilon.
  2702 | D:4      | Found a hazy altar of Hepliaklqana.
  2735 | D:4      | Reached skill level 4 in Unarmed Combat
  2735 | D:4      | Reached XP level 6. HP: 53/59 MP: 5/5
  2747 | D:5      | Entered Level 5 of the Dungeon
  2978 | D:5      | Found an ancient bone altar of Kikubaaqudgha.
  3025 | D:5      | Noticed Menkaure
  3033 | D:5      | Killed Menkaure
  3034 | D:5      | Reached skill level 5 in Unarmed Combat
  3278 | D:5      | Reached XP level 7. HP: 48/67 MP: 6/6
  3451 | D:5      | Reached skill level 6 in Unarmed Combat
  3965 | D:5      | Reached skill level 1 in Stealth
  4498 | D:5      | Found an opulent altar of Gozag.
  4498 | D:5      | Found a shimmering blue altar of Sif Muna.
  4589 | D:6      | Identified the +0 leather armour of the First Snow {rCorr
                  | SInv}
  4610 | D:6      | Noticed Grinder
  4612 | D:6      | Reached XP level 8. HP: 70/75 MP: 7/7
  4749 | D:6      | Found a staircase to the Ecumenical Temple.
  4755 | Temple   | Entered the Ecumenical Temple
  4833 | D:6      | Reached skill level 7 in Unarmed Combat
  5442 | D:6      | Killed Grinder
  5443 | D:6      | Reached skill level 8 in Unarmed Combat
  5549 | D:6      | Noticed Edmund
  5556 | D:6      | Killed Edmund
  5698 | D:6      | Found the +6 shillelagh "Devastator" {shatter}
  5841 | D:7      | Noticed Joseph
  5851 | D:7      | Killed Joseph
  5852 | D:7      | Reached skill level 5 in Dodging
  5852 | D:7      | Reached skill level 5 in Shields
  5852 | D:7      | Reached XP level 9. HP: 75/84 MP: 8/8
  5937 | D:7      | Reached skill level 9 in Unarmed Combat
  6000 | D:7      | Found a glowing silver altar of Zin.
  6172 | D:7      | Found an iron altar of Okawaru.
  6295 | D:7      | Became a worshipper of Warmaster Okawaru
  6486 | D:7      | Found a shadowy altar of Dithmenos.
  6601 | D:7      | Noticed Pikel
  6618 | D:7      | Killed Pikel
  6627 | D:7      | Reached * piety under Okawaru
  6966 | D:8      | Reached skill level 10 in Unarmed Combat
  7588 | D:8      | Found Xuvurch's Magic Scroll Shop.
  8033 | D:9      | Found Viaroen's Jewellery Boutique.
  8046 | D:9      | Bought an amulet of faith for 480 gold pieces
  8150 | D:9      | Noticed Erolcha
  8158 | D:9      | Killed Erolcha
  8159 | D:9      | Reached XP level 10. HP: 81/93 MP: 9/9
  8251 | D:9      | Reached ** piety under Okawaru
  8252 | D:9      | Reached skill level 11 in Unarmed Combat
  8256 | D:9      | Noticed a two-headed ogre
  8264 | D:9      | Killed a two-headed ogre
  8614 | D:9      | Found a glowing golden altar of the Shining One.
  8679 | D:9      | Noticed Psyche
  8685 | D:9      | Killed Psyche
  8762 | D:9      | Reached skill level 12 in Unarmed Combat
  8770 | D:9      | Found a staircase to the Lair.
  8781 | Lair:1   | Entered Level 1 of the Lair of Beasts
  8789 | D:9      | Reached *** piety under Okawaru
  8825 | D:9      | Reached XP level 11. HP: 34/101 MP: 10/10
  8965 | Lair:1   | Noticed Gastronok
  8978 | D:9      | Reached **** piety under Okawaru
  9041 | Lair:1   | Killed Gastronok
  9052 | Lair:1   | Reached skill level 13 in Unarmed Combat
  9151 | Lair:1   | Noticed a catoblepas
  9171 | Lair:1   | HP: 2/101 [catoblepas (6)]
  9173 | Lair:1   | Slain by a catoblepas

Illustrated notes

Levels and vault maps discovered:
D:1:      minmay_arrival_five_plusses, layout_loops_cross
D:2:      layout_basic
D:3:      minmay_chambers_of_twos, layout_basic, vehumet_statue,
          ebering_ghost_disaster_area, chequers_ecumenical_altar_simple_redux,
          hangedman_decor_growths
D:4:      layout_basic, lemuel_tele_altar, kennysheep_little_box, serial_bayou,
          serial_bayou_pond_c, serial_bayou_pond_c, serial_bayou_pond_e,
          serial_bayou_crossing
D:5:      layout_basic, mainiacjoe_overflow_tiny_flanked,
          nicolae_overflow_two_pavilions, uniq_menkaure
D:6:      layout_basic, minmay_temple_entry_sparse_star, uniq_grinder,
          uniq_edmund
D:7:      layout_basic, okawaru_metal_pillars_1_2,
          nicolae_overflow_hidden_temple, lemuel_doored_altar, uniq_pikel,
          uniq_joseph
D:8:      layout_cave_pods, serial_shops, shop
D:9:      layout_loops_ring, mainiacjoe_overflow_alcove_2,
          grunt_lair_entry_orc_guard_hut, serial_shops, shop,
          nicolae_stop_n_shop_1, uniq_erolcha, uniq_psyche
Temple:   nicolae_temple_no_exploring_needed
Lair:1:   layout_small_grid, uniq_gastronok, uniq_amaemon, uniq_sonja

Skill      XL: |  1  2  3  4  5  6  7  8  9 10 11 |
---------------+----------------------------------+-----
Shields        | 3 4 5 7 |  7.5
Dodging        | 3 4 5 6 |  6.7
Unarmed Combat | 3 4 5 6 8 10 12 13 | 13.0
Fighting       | 3 4 |  4.6
Stealth        | 1 2 |  2.6

Action                     |  1- 3 |  4- 6 |  7- 9 | 10-12 || total
---------------------------+-------+-------+-------+-------++-------
  Melee: Unarmed           |   114 |   110 |   236 |   146 ||   606
 Invoke: Heroism           |       |       |       |     1 ||     1
    Use: Scroll            |       |       |     8 |       ||     8
         Potion            |       |       |       |     3 ||     3
   Stab: Sleeping          |       |       |       |     1 ||     1
 Armour: Robe              |    37 |    37 |    29 |    25 ||   128
  Dodge: Dodged            |    41 |    39 |    71 |    63 ||   214
  Block: Kite shield       |    55 |    36 |    74 |   106 ||   271
         Reflection        |       |       |     2 |     5 ||     7

Table legend: (Time is in decaauts)
 A = Elapsed time spent in this place.
 B = Non-inter-level travel time spent in this place.
 C = Inter-level travel time spent in this place.
 D = Time resting spent in this place.
 E = Time spent auto-exploring this place.
 F = Levels seen in this place.
 G = Mean time per level.
                   A        B        C        D        E       F      G
               +--------+--------+--------+--------+--------+-----+--------+
         Total |   9170 |   8893 |    277 |   2112 |   4808 |  11 |  833.6 |
       Dungeon |   8962 |   8685 |    277 |   2112 |   4738 |   9 |  995.8 |
        Temple |     57 |     57 |      0 |      0 |      0 |   1 |   57.0 |
          Lair |    149 |    149 |      0 |      0 |     70 |   1 |  149.0 |
               +--------+--------+--------+--------+--------+-----+--------+

Top non-repeatable levels by time:
     D:5: 1450 daAuts
     D:6: 1158 daAuts
     D:7: 1100 daAuts
     D:8: 1095 daAuts
     D:2: 1031 daAuts
     D:9: 971 daAuts
     D:4: 799 daAuts
     D:3: 692 daAuts
     D:1: 664 daAuts
  Lair:1: 149 daAuts
  Temple: 57 daAuts
